Map: [ESL] Gresvan

Players

Elazer

  • Race: Zerg Zerg
  • Spawn Location: 5:00

DRG - Winner!

  • Race: Zerg Zerg
  • Spawn Location: 11:00

Event: IEM Katowice 2023

VOD

Have the link to the VOD?

Description

Time

  • Played on: Feb. 10, 2023, 2:27 p.m.
  • Length: 11:05

All games in this series

Show
View Real Time Build Order
Export as new Build Order

Elazer Zerg 

Build Orders: Hatch First 

Get SALT Encoding   

  12  0:00  Drone  
  13  0:12  Overlord  
  13  0:16  Drone  
  14  0:30  Drone x2  
  16  0:47  Hatchery  
  15  0:50  Drone  
  15  0:54  Drone  
  17  0:57  Drone  
  18  1:08  Extractor  
  17  1:12  Spawning Pool  
  17  1:15  Drone  
  17  1:19  Drone  
  18  1:27  Drone  
  19  1:38  Drone  
  20  1:49  Drone  
  21  1:59  Queen x2  
  21  2:00  Overlord, Zergling x2  
  26  2:07  Metabolic Boost  
  26  2:10  Drone x2  
  28  2:21  Drone x2  
  30  2:34  Hatchery  
  29  2:37  Drone  
  29  2:39  Drone  
  31  2:46  Baneling Nest  
  31  2:47  Overlord  
  31  2:50  Drone  
  31  2:53  Drone  
  31  2:55  Drone  
  33  3:04  Drone  
  33  3:05  Drone  
  35  3:07  Overlord  
  35  3:08  Drone  
  35  3:11  Zergling x4  
  38  3:14  Zergling x2  
  38  3:15  Zergling x2  
  40  3:21  Queen  
  40  3:25  Drone x2  
  44  3:30  Drone x2  
  50  3:41  Drone x6  
  50  3:48  Drone x2  
  53  3:51  Overlord  
  53  3:59  Overlord  
  53  4:01  Lair  
  53  4:03  Drone, Roach Warren  
  53  4:04  Drone  
  54  4:11  Drone x2  
  54  4:14  Drone x2  
  54  4:16  Overlord  
  58  4:19  Drone x4  
  58  4:20  Drone  
  63  4:25  Drone  
  63  4:26  Extractor  
  63  4:30  Extractor  
  62  4:32  Drone x2  
  62  4:33  Drone  
  62  4:34  Overlord  
  62  4:35  Drone x2  
  62  4:37  Extractor  
  66  4:39  Extractor, Baneling x2  
  66  4:40  Zergling x4  
  66  4:44  Zergling x8  
  71  4:46  Zergling x6  
  71  4:49  Overlord  
  74  4:54  Overlord  
  74  4:56  Extractor  
  75  5:00  Drone x2  
  75  5:04  Spire  
  64  5:08  Drone x5  
  64  5:12  Drone  
  68  5:16  Drone x6  
  68  5:18  Drone x2  
  76  5:26  Roach x2  
  79  5:29  Roach  
  81  5:36  Roach  
  81  5:38  Roach  
  81  5:42  Roach x4  
  91  5:46  Roach x3  
  96  5:51  Roach  
  96  5:53  Overlord  
  96  5:56  Spine Crawler x2  
  93  5:58  Spine Crawler  
  93  5:59  Roach  
  93  6:03  Roach x2  
  92  6:14  Roach x5  
  90  6:21  Roach x3  
  86  6:26  Mutalisk  
  86  6:28  Mutalisk  
  74  6:33  Mutalisk  
  74  6:35  Mutalisk  
  74  6:37  Mutalisk  
  80  6:41  Mutalisk  
  80  6:44  Mutalisk  
  80  6:47  Mutalisk  
  79  6:50  Mutalisk  
  80  7:07  Roach x3  
  74  7:12  Mutalisk  
  74  7:15  Queen  
  61  7:20  Mutalisk  
  65  7:26  Drone  
  66  7:47  Drone x4  
  70  7:51  Hatchery  
  70  7:52  Glial Reconstitution  
  69  8:08  Roach x4  
  69  8:10  Queen  
  77  8:23  Roach x4  
  85  8:28  Queen  
  87  8:41  Roach x2  
  91  8:43  Overlord  
  91  8:46  Drone  
  92  8:53  Drone, Evolution Chamber  
  92  8:54  Drone  
  93  8:59  Drone x2  
  95  9:04  Drone x5  
  100  9:13  Drone x2  
  100  9:16  Drone  
  103  9:19  Drone  
  103  9:22  Drone  
  105  9:29  Drone x2  
  107  9:33  Drone x5  
  112  9:44  Overlord x2  
  112  9:56  Roach x2  
  114  10:02  Roach  
  114  10:03  Roach x4  
  114  10:06  Extractor  
  123  10:07  Extractor, Roach x4  
  123  10:10  Overlord  
  130  10:15  Overlord x2  
  130  10:16  Overlord  
  130  10:18  Hatchery  
  129  10:29  Roach x3  
  135  10:37  Roach x8  
  135  10:39  Ravager x2  
  135  10:42  Drone  
  154  10:45  Ravager x5  
  154  10:46  Overlord  
Show
View Real Time Build Order
Export as new Build Order

DRG Zerg - Winner!

Build Orders: Hatch First 

Get SALT Encoding   

  12  0:00  Drone  
  13  0:12  Overlord  
  13  0:16  Drone  
  14  0:30  Drone x2  
  16  0:48  Hatchery  
  15  0:51  Drone  
  15  0:55  Drone  
  17  0:58  Drone  
  18  1:09  Extractor  
  17  1:13  Spawning Pool  
  17  1:17  Drone  
  17  1:19  Drone  
  18  1:28  Drone  
  19  1:39  Drone  
  20  1:49  Drone  
  21  2:00  Queen x2  
  25  2:03  Overlord  
  25  2:04  Drone  
  26  2:11  Drone x2  
  26  2:12  Metabolic Boost  
  28  2:22  Drone x2  
  30  2:31  Hatchery  
  30  2:35  Zergling x2  
  30  2:36  Zergling x2  
  31  2:43  Queen  
  33  2:48  Overlord  
  33  2:55  Baneling Nest  
  33  2:57  Drone  
  33  2:58  Drone  
  33  3:00  Drone  
  35  3:07  Drone x2  
  35  3:10  Zergling x4  
  39  3:15  Drone x2  
  39  3:18  Drone  
  42  3:21  Overlord  
  42  3:24  Drone  
  43  3:28  Evolution Chamber  
  42  3:36  Drone  
  42  3:37  Drone  
  42  3:40  Drone x4  
  48  3:42  Drone  
  48  3:45  Drone  
  50  3:50  Overlord  
  50  3:55  Zerg Missile Weapons Level 1  
  50  3:57  Zergling x2  
  50  3:59  Drone x4  
  55  4:06  Zergling x4  
  55  4:07  Roach Warren  
  55  4:10  Extractor  
  55  4:11  Extractor  
  55  4:12  Drone x2  
  55  4:14  Baneling x2  
  55  4:22  Overlord  
  55  4:23  Drone x5  
  60  4:28  Overlord  
  60  4:30  Overlord  
  60  4:31  Overlord  
  60  4:37  Overlord  
  60  4:44  Baneling x2  
  60  4:47  Roach x5  
  60  4:52  Roach  
  72  4:53  Roach  
  72  4:55  Roach  
  72  4:57  Roach x2  
  80  5:00  Roach  
  80  5:05  Roach  
  79  5:08  Roach x3  
  79  5:10  Zergling x4  
  79  5:13  Zergling x2  
  88  5:16  Zergling x2  
  88  5:19  Overlord  
  88  5:22  Overlord  
  88  5:23  Zergling x10  
  88  5:26  Zergling x4  
  95  5:29  Baneling x2  
  95  5:30  Zergling x2  
  95  5:31  Zergling x2  
  95  5:35  Zergling x2  
  98  5:36  Ravager  
  98  5:37  Zergling x4  
  98  5:42  Zergling x2  
  100  5:45  Zergling x2  
  101  5:50  Baneling x2  
  101  5:51  Zergling x14  
  101  5:54  Zergling x2  
  101  5:55  Baneling x2  
  101  5:56  Zergling x2  
  109  6:00  Zergling x2  
  109  6:05  Zergling x4  
  110  6:13  Zergling x2  
  110  6:15  Zergling x4  
  110  6:17  Zergling x4  
  105  6:21  Zergling x2  
  105  6:24  Lair  
  105  6:25  Zergling x6  
  105  6:27  Zergling x2  
  105  6:30  Zergling x2  
  107  6:33  Drone  
  107  6:34  Zerg Ground Armor Level 1  
  107  6:39  Drone x4  
  112  6:44  Drone x3  
  112  6:45  Drone x2  
  117  6:49  Extractor  
  117  6:50  Extractor  
  117  6:54  Drone x4, Queen  
  119  6:56  Queen, Spore Crawler  
  119  6:57  Spore Crawler x2  
  116  7:04  Drone  
  103  7:09  Drone x3  
  103  7:11  Drone x2  
  101  7:16  Drone x4  
  101  7:22  Queen  
  96  7:26  Hydralisk Den  
  96  7:27  Spore Crawler  
  80  7:30  Queen  
  80  7:34  Spore Crawler  
  80  7:35  Roach x5  
  87  7:39  Queen  
  89  7:45  Drone x3  
  89  7:47  Spore Crawler  
  89  7:48  Roach x2  
  95  7:53  Roach x3  
  101  8:01  Grooved Spines  
  101  8:04  Hydralisk x4  
  104  8:12  Overlord x2, Roach  
  106  8:14  Overlord  
  106  8:15  Overlord  
  106  8:18  Overlord  
  106  8:19  Overseer  
  106  8:20  Extractor  
  106  8:22  Overlord  
  106  8:24  Glial Reconstitution  
  105  8:29  Overlord  
  105  8:31  Overlord  
  105  8:36  Zerg Missile Weapons Level 2  
  105  8:40  Hydralisk  
  105  8:41  Hydralisk x2  
  107  8:47  Roach x3  
  117  8:52  Hydralisk x2  
  117  8:55  Extractor  
  120  8:59  Hydralisk x3  
  126  9:03  Drone  
  126  9:06  Roach x2  
  131  9:12  Roach x3  
  131  9:14  Muscular Augments  
  131  9:16  Overlord  
  137  9:19  Overlord  
  137  9:22  Roach  
  139  9:26  Roach x2  
  139  9:30  Roach x2  
  147  9:33  Overlord  
  147  9:34  Overlord  
  147  9:43  Drone x2  
  148  9:46  Hydralisk x3  
  154  10:00  Hydralisk x6  
  154  10:05  Roach x2  
  169  10:07  Ravager x5  
  174  10:15  Roach x3  
  174  10:17  Overlord  
  174  10:19  Roach  
  182  10:22  Pneumatized Carapace  
  182  10:23  Overseer  
  182  10:30  Roach x2  
  182  10:32  Overlord  
  185  10:39  Ravager  
  185  10:40  Roach x4  
  194  10:47  Overlord  

Tags
 
Add a new tag
Caveats
  • Supply blocks, unpowered buildings, or Contaminate may cause inaccurate times.
  • Supply counts are checked every 10 seconds.